 Dungeon Crawl Stone Soup version 0.29.1-1-gd02db6906a (webtiles) character file.

Game seed: 9266594218058475822

4 sentinel the Digger (level 2, -1/20 HPs)
             Began as a Meteoran Earth Elementalist on Sept 27, 2022.
             Slain by an adder (3 damage)
             ... on level 2 of the Dungeon.
             The game lasted 00:00:18 (19 turns).

sentinel the Digger (Meteoran Earth Elementalist)     Turns: 19, Time: 00:00:19

Health: -1/20      AC:  2    Str:  9    XL:     2   Next: 0%
Magic:  1/6        EV: 12    Int: 16    God:
Gold:   0          SH:  0    Dex: 14    Spells: 5/6 levels left

rFire   . . .      SeeInvis .   (no weapon)
rCold   . . .      Faith    .   (no shield)
rNeg    . . .      Spirit   .   a - +0 robe
rPois   .          Reflect  .   (no helmet)
rElec   .          Harm     .   (no cloak)
rCorr   .          Rampage  .   (no gloves)
Will    .....                   (no boots)
Stlth   +.........              (no amulet)
HPRegen 0.06/turn               (no ring)
MPRegen 0.10/turn               (no ring)

@: glowing
A: sense surroundings 1, otherworldly, glowing, explore regen
a: no special abilities


You were on level 2 of the Dungeon.
You visited 1 branch of the dungeon, and saw 2 of its levels.

Inventory:

Armour
 a - a +0 robe (worn)
Potions
 b - a potion of magic


   Skills:
 - Level 2.4 Dodging
 - Level 1.4 Stealth
 - Level 2.6 Spellcasting
 - Level 1.2 Transmutations
 + Level 4.1 Earth Magic


You had 5 spell levels left.
You knew the following spells:

 Your Spells              Type           Power      Damage    Failure   Level
a - Sandblast             Erth           30%        2d9       3%          1

Your spell library contained the following spells:

 Spells                   Type           Power      Damage    Failure   Level
 Passwall                 Tmut/Erth      8%         N/A       10%         2
 Stone Arrow              Conj/Erth      16%        3d8       26%         3
 Petrify                  Tmut/Erth      10%        N/A       54%         4


Dungeon Overview and Level Annotations

Branches:
Dungeon (2/15) Zot: 1178

Altars:


Innate Abilities, Weirdness & Mutations

You passively map a small area around you.
You are easily found by Zot.
You glow in the dark.
You regain HP and MP as you explore.


Message History

Welcome, sentinel the Meteoran Earth Elementalist.
The heart of this dungeon contains the magnificent artefact, the Orb of Zot.
Press ? for a list of commands and other information.
Found two stairs.
There is a stone staircase leading down here.
You climb downwards.
There is a stone staircase leading up here.
The blast of sand hits the worm!
The worm is heavily wounded.
The bat hits you but does no damage. The bat misses you.
You miscast Sandblast.
You are very lightly contaminated with residual magic.
Nothing appears to happen.
The bat hits you but does no damage. The worm bites you.
You miscast Sandblast.
Nothing appears to happen.
The bat hits you but does no damage. The worm bites you.
* * * LOW HITPOINT WARNING * * *
HP warning!
You are too injured to fight recklessly!
You are too injured to fight recklessly!
Casting: Sandblast (safe; 4% risk of failure)
Confirm with . or Enter, or press ? or * to list all spells.
Aiming: Sandblast (safe; 4% risk of failure)
Press: ? - help, Shift-Dir - straight line, f/p - worm
Aim: a worm (heavily wounded, 94% to hit)
The blast of sand hits the worm.
The worm is almost dead.
The bat barely misses you. The worm closely misses you.
HP warning!
The bat hits you but does no damage.
HP warning!
Casting: Sandblast (safe; 4% risk of failure)
Confirm with . or Enter, or press ? or * to list all spells.
Aiming: Sandblast (safe; 4% risk of failure)
Press: ? - help, Shift-Dir - straight line, p - worm The blast of sand hits the worm!
You kill the worm!
The bat closely misses you.
HP warning!
The bat misses you. The bat barely misses you.
The bat hits you but does no damage. The bat hits you.
* * * LOW HITPOINT WARNING * * *
The bat hits you.
* * * LOW HITPOINT WARNING * * *
HP warning!
You are too injured to fight recklessly!
Casting: Sandblast (safe; 3% risk of failure)
Confirm with . or Enter, or press ? or * to list all spells.
Aiming: Sandblast (safe; 3% risk of failure)
Press: ? - help, Shift-Dir - straight line, f - bat
Aim: a bat (73% to hit)
The blast of sand hits the bat.
You kill the bat!
Your Earth Magic skill increases to level 4!
You have reached level 2!
HP warning!
An adder comes into view.
The adder hisses angrily.
HP warning!
An endoplasm comes into view.
The endoplasm quivers.
The endoplasm moves out of view.
Your magical contamination has completely faded away.
You are too injured to fight recklessly!
The adder attacks as you move away! The adder bites you.
* * * LOW HITPOINT WARNING * * *
The endoplasm hits you but does no damage.
HP warning!
The endoplasm attacks as you move away! The endoplasm barely misses you.
The adder bites you.
You die...

* * ... , * ..., , ,
## ...* * *#.# #.###
, * #.## #..., .. , ,
*
##,###.######.###....
#.##...†.........# ,
#.#.#.####.#@##..
#...#####.S.# *
#.<.....##J.#*
#..####....... #...
##.#.## #...#* #.#.#
* #...# , #.#.# * * ,
..... ,*#.#.# , *
...... *#.# ,


You could see an adder and an endoplasm.

Vanquished Creatures
  A worm (D:2)
  A bat (D:2)
2 creatures vanquished.

Notes
Turn   | Place    | Note
-------+----------+-------------------------------------------
     0 | D:1      | sentinel the Meteoran Earth Elementalist began the quest
                  | for the Orb.
     0 | D:1      | Reached XP level 1. HP: 14/14 MP: 5/5
    15 | D:2      | Reached skill level 4 in Earth Magic
    15 | D:2      | Reached XP level 2. HP: 3/20 MP: 0/6
    18 | D:2      | HP: 1/20 [adder (3)]
    19 | D:2      | Slain by an adder

Illustrated notes

Levels and vault maps discovered:
D:1:      nzn_arrival_water_spiral, layout_loops_ring,
          dreamdust_ecumenical_altar_statues, corexii_leaking_fountain
D:2:      layout_loops_ring, grunt_decor_resistance, uniq_robin

Skill      XL: |  1 |
---------------+----+-----
Earth Magic    | 4 |  4.1
Dodging        | |  2.4
Stealth        | |  1.4
Spellcasting   | |  2.6
Transmutations | |  1.2

Action                   || total
-------------------------++-------
 Cast: Sandblast         ||     4
Armor: Robe              ||     6
Dodge: Dodged            ||     7
